Frizzbo, chaotic female sylph Rogue ---------- |........| --- ---------- |........|# |. ........ |........|# |.------------.....- --------- |.<.......# |.|/[.|...|..|.....+ |(((|%..| --.----.--### |.|+./|...|..|.....| |(((|...| | ####### ### |.|()/|...|..|.....| |...|...|.| # [ ### |.|..*|...||--.j...----|---|---.| ## # ### |.--|---|--....E................| --|--.---- ###|.......%.....{......{..........| |.>......| ###|.--|---|--....---|--...........| |...^....| #..|...|...----.|.[..|.----|----.| |........| #|.|]((|...| |.|....|.| |....| | ---------- #..|(((|...| +.|.._.|.+ |....| |.|(((|...| |.|....|.| |.(..| |.------------.------.--------- | |...............................| --------------------------------- Frizzbo the Rogue Experience level: 6 Strength: 14 Dexterity: 20 Constitution: 13 Intelligence: 8 Wisdom: 12 Charisma: 12 Health: 0(40) Energy: 34(34) Def: 0 Gold: 0 Moves: 2714 Dungeon seed: JHDupgbKW5yFxJTS Game ID: Frizzbo_1467218608 Your Inventory: Weapons a - a blessed +0 short sword (weapon in hand) d - 7 uncursed +0 daggers G - the uncursed +0 Sting (alternate weapon; not wielded) X - 15 uncursed +0 daggers Comestibles Q - 2 uncursed food rations Tools c - an uncursed sack f - an uncursed skeleton key g - an uncursed blindfold s - an uncursed bag of holding u - an uncursed lock pick w - an uncursed tin whistle T - 5 uncursed burnt partly used wax candles (0:319) V - an uncursed leash Gems e - 3 uncursed worthless pieces of red glass q - 3 uncursed worthless pieces of green glass r - 2 uncursed agate stones y - an uncursed worthless piece of black glass z - an uncursed sapphire N - an uncursed worthless piece of yellowish brown glass Contents of the bag of holding: 126 gold pieces an uncursed +0 dwarvish mattock a blessed +0 cloak of invisibility a blessed +0 mummy wrapping a cursed scroll of enchant weapon a blessed scroll of identify an uncursed scroll of identify a cursed scroll of identify a blessed scroll of magic mapping an uncursed scroll of scare monster a blessed scroll of teleportation 2 uncursed scrolls of teleportation an uncursed spellbook of force bolt an uncursed spellbook of slow monster an uncursed potion of full healing an uncursed potion of hallucination an uncursed potion of sickness an uncursed potion of sleeping an uncursed wand of digging (0:5) an uncursed wand of opening (0:3) Spells and supernatural/magical abilities: Name Level Category Fail Memory W - pray for help -- divine ? -- Your skills at the end: Miscellaneous Skills wands [Basic] Weapon Skills dagger [Skilled] short sword [Basic] Spellcasting Skills healing spells [Basic] Final Attributes: You were piously aligned. You saw invisible. You had infravision. You were stealthy. You were protected from shape changers. You are dead. Vanquished creatures: a dingo a jaguar a fire ant a rock mole a shrieker 6 gnome lords a gnomish wizard a kobold mummy a little dog 10 dwarves 2 giant bats 4 hobbits 2 giant rats 2 brown molds 25 gnomes 2 garter snakes 16 jackals a kobold 5 newts 3 sewer rats 5 grid bugs 3 lichens a kobold zombie 95 creatures vanquished. Voluntary challenges: You followed a strict vegan diet. You did not adorn yourself with jewelry or accessories. You used a wielded weapon 110 times, starting on turn 18. You did not apply a unicorn horn. You read items or engraved 3 times, starting on turn 2593. You never genocided any monsters. You never polymorphed an object. You never changed form. You used no wishes. You never split a pudding. You never wrote Elbereth's name. You never violated your personal moral code. Dungeon overview: The Dungeons of Doom: levels 1 to 2 Level 1 a fountain a long staircase Level 2 stairs to The Gnomish Mines The Gnomish Mines: levels 3 to 6 Level 3 stairs to The Dungeons of Doom Level 4 Level 5 Level 6 <- You were here some shops, a temple to Issek, a magic chest, some fountains History has recorded: On T:1 you entered the Dungeons of Doom to retrieve the Amulet of Yendor! On T:414 you reached level 2 of The Dungeons of Doom. On T:461 you advanced to experience level 2. On T:940 you reached level 1 of The Gnomish Mines. On T:964 you advanced to experience level 3. On T:978 you advanced to experience level 4. On T:1429 you reached level 2 of The Gnomish Mines. On T:1442 you advanced to experience level 5. On T:1774 you reached level 3 of The Gnomish Mines. On T:1819 you advanced to experience level 6. On T:2197 you reached level 4 of The Gnomish Mines. On T:2385 you entered the Minetown temple On T:2592 you opened a magic chest. On T:2601 you opened a magic chest. On T:2602 you opened a magic chest. Score breakdown: Gold: 126 ( 12 points) Experience: 6 levels ( 500 points) Exploration: 6 levels ( 150 points) Discoveries: 12 items ( 600 points) Variety of kills: 23 monsters ( 1150 points) Major goal: reached Minetown ( 500 points) Survival: died (score multiplied by 3) Total score: 8736 Latest messages: Never mind. K - a cursed dagger (in quiver). The dagger hits the spotted jelly. i - 2 blessed daggers (in quiver). You throw 2 daggers. The 1st dagger hits the spotted jelly! The 2nd dagger hits the spotted jelly! The dagger corrodes! You are now wielding your short sword. G - an uncursed runed dagger named Sting (alternate weapon; not wielded). You stab the spotted jelly. You are splashed by the spotted jelly's acid! You hear the chime of a cash register. You stab the spotted jelly! The spotted jelly turns to flee! You stab the spotted jelly. You are splashed by the spotted jelly's acid! You die... The sack is empty. Final status: Goodbye Frizzbo the Rogue, killed by a spotted jelly... You died in The Gnomish Mines on dungeon level 6 with 8736 points, and 126 pieces of gold, after 2714 moves. You were level 6 with a maximum of 40 hit points when you died.